 Dungeon Crawl Stone Soup version 0.29-a0-824-gd827844252 (webtiles) character file.

Game seed: 9887861671848929217

907 buhh the Insei (level 8, -3/54 HPs)
             Began as an Octopode Transmuter on July 10, 2022.
             Was a Follower of Cheibriados.
             Slain by an ice beast (21 damage)
             ... on level 6 of the Dungeon.
             The game lasted 00:06:10 (6283 turns).

buhh the Insei (Octopode Transmuter)                Turns: 6283, Time: 00:06:11

Health: -3/54      AC:  2    Str: 11    XL:     8   Next: 8%
Magic:  8/11       EV: 23    Int: 19    God:    Cheibriados [*.....]
Gold:   269        SH:  0    Dex: 20    Spells: 5/11 levels left

rFire   + . .      SeeInvis +     - Unarmed
rCold   x . .      Faith    .   (shield currently unavailable)
rNeg    . . .      Spirit   .   (helmet currently unavailable)
rPois   x          Reflect  .   (no amulet)
rElec   .          Harm     .   o - ring of see invisible
rCorr   .          Rampage  .   n - ring of fire
Will    .....                   (no ring)
Stlth   ++........              (no ring)
HPRegen 0.18/turn               (no ring)
MPRegen 0.12/turn               (no ring)
                                (no ring)
                                (no ring)

@: spider-form, very slow
A: venomous fangs, almost no armour, (amphibious), 8 rings, tiny, (camouflage
1), (gelatinous body 1), (nimble swimmer 1), (tentacles)
a: End Transformation, Renounce Religion, Bend Time


You were on level 6 of the Dungeon.
You worshipped Cheibriados.
Cheibriados was aware of your devotion.
You were a venomous arachnid creature.
You visited 2 branches of the dungeon, and saw 7 of its levels.

You collected 269 gold pieces.

Inventory:

Missiles
 j - 11 poisoned darts
Magical Staves
 k - a staff of death
Jewellery
 n - a ring of fire (right front leg)
 o - a ring of see invisible (left front leg)
Scrolls
 a - 2 scrolls of identify {!d}
 b - a scroll of magic mapping {unknown}
 c - 5 scrolls of teleportation {!d!d}
 d - a scroll of summoning
 f - 2 scrolls of fog
 h - a scroll of immolation {unknown}
 m - a scroll of fear {unknown}
 p - a scroll of amnesia {unknown}
 q - a scroll of blinking {unknown}
 r - a scroll of noise {unknown}
Potions
 e - a potion of cancellation {unknown}
 g - a potion of haste {unknown}
 i - a potion of degeneration {unknown}
 l - a potion of brilliance {unknown}
 v - 6 potions of curing {!d}


   Skills:
 + Level 4.5 Fighting
 + Level 4.8 Dodging
 - Level 2.0 Stealth
 + Level 5.3 Unarmed Combat
 - Level 2.0 Spellcasting
 + Level 4.3 Transmutations
 - Level 1.0 Poison Magic


You had 5 spell levels left.
You knew the following spells:

 Your Spells              Type           Power      Damage    Failure   Level
a - Beastly Appendage     Tmut           36%        N/A       10%         1
b - Wereblood             Tmut           18%        N/A       13%         2
c - Spider Form           Tmut/Pois      12%        N/A       36%         3

Your spell library contained the following spells:

 Spells                   Type           Power      Damage    Failure   Level
 Passwall                 Tmut/Erth      8%         N/A       26%         2
 Blink                    Tloc           2%         N/A       47%         2
 Ensorcelled Hibernation  Hex/Ice        2%         N/A       47%         2
 Summon Guardian Golem    Hex/Summ       1%         N/A       67%         3
 Swiftness                Air            1%         N/A       67%         3
 Ice Form                 Ice/Tmut       10%        N/A       77%         4
 Manifold Assault         Tloc           1%         N/A       100%        5
 Orb of Destruction       Conj           0%         9d5       100%        7
 Spellforged Servitor     Conj/Summ      0%         N/A       100%        7
 Storm Form               Tmut/Air       5%         N/A       100%        7


Dungeon Overview and Level Annotations

Branches:
Dungeon (6/15) Zot: 39979  Temple (1/1) D:4 Zot: 8779

Altars:
Cheibriados
Dithmenos
Elyvilon
Fedhas
Gozag
Kikubaaqudgha
Makhleb
Nemelex Xobeh
Qazlal
Ru
Sif Muna
Trog
Uskayaw
Vehumet
Wu Jian
Xom
Yredelemnul
The Shining One


Innate Abilities, Weirdness & Mutations

You are a venomous arachnid creature.
You have poisonous fangs.
You are tiny and dextrous.
Your spellcasting is less reliable in this form.
Your armour is entirely melded.
You are incapable of wielding weapons or throwing items.
You cannot wear most types of armour.
((You are amphibious.))
You can wear up to eight rings at the same time.
((Your skin changes colour to match your surroundings (Stealth+).))
((Your rubbery body absorbs attacks. (AC +1, EV +1)))
((You are camouflaged when in or above water. (Stealth+)))
((You have tentacles for arms and can constrict up to eight enemies at once.))


Message History

You kill the adder!
Cheibriados thoroughly appreciates the change of pace.
* * * LOW HITPOINT WARNING * * *
You feel very sick.
You feel better.
The sentinel's mark upon you fades away.
Magic restored.
An ice beast is nearby!
An ice beast is nearby!
An ice beast is nearby!
An ice beast is nearby!
Okay, then.
You feel much better.
You turn into a venomous arachnid creature.
The ice beast barely misses you.
You bite the ice beast!
The ice beast is moderately wounded.
The ice beast closely misses you.
You hit the ice beast but do no damage.
The ice beast is poisoned.
The ice beast is moderately wounded.
The ice beast hits you. The ice beast freezes you!
You feel a terrible chill!
You hit the ice beast.
The ice beast is moderately wounded.
The ice beast hits you but does no damage.
You hit the ice beast.
The ice beast is heavily wounded.
The ice beast completely misses you.
You hit the ice beast but do no damage.
The ice beast is heavily wounded.
The ice beast closely misses you.
You hit the ice beast.
The ice beast is severely wounded.
The ice beast misses you.
You hit the ice beast.
The ice beast is severely wounded.
The ice beast hits you. The ice beast freezes you!
You feel a terrible chill!
You barely miss the ice beast.
The ice beast is almost dead.
The ice beast hits you. The ice beast freezes you!!
You feel a terrible chill!
You die...

#### ..# #.########
#####.#.......
#.#########.............
.......sY.†.............
#.#########.###.#.......
#.# #(#....... #.#
#.#....... #.#
#.#....... #.#
#.#....... #.#
#.##...#.# #..
#.####.#.# #.# #[# #.#.#


You could see an ice beast (poisoned).

Vanquished Creatures
  A water moccasin (D:6)
  A sky beast (D:6)
  A black bear (D:5)
  A phantom (D:5)
  A bullfrog (D:6)
  An orc priest (D:3)
  2 hounds
  3 iguanas
  4 orc wizards
  9 adders
  3 gnolls (D:5)
  An ufetubus (D:6)
  4 dart slugs
  11 orcs
  5 endoplasms
  A giant cockroach (D:4)
  5 goblins
  5 hobgoblins
  11 kobolds
  4 quokkas
  4 ball pythons
  4 bats
  4 frilled lizards
  3 rats
89 creatures vanquished.

Notes
Turn   | Place    | Note
-------+----------+-------------------------------------------
     0 | D:1      | buhh the Octopode Transmuter began the quest for the Orb.
     0 | D:1      | Reached XP level 1. HP: 13/13 MP: 3/3
   462 | D:1      | Reached skill level 1 in Stealth
   462 | D:1      | Reached XP level 2. HP: 11/18 MP: 3/5
   599 | D:1      | Reached skill level 1 in Poison Magic
  1397 | D:2      | Reached XP level 3. HP: 22/23 MP: 4/6
  1926 | D:2      | Reached XP level 4. HP: 26/29 MP: 5/7
  2099 | D:2      | Learned a level 2 spell: Wereblood
  2103 | D:2      | Learned a level 3 spell: Spider Form
  2743 | D:3      | Reached XP level 5. HP: 35/35 MP: 6/8
  2816 | D:3      | Found a white marble altar of Elyvilon.
  3211 | D:4      | Found a staircase to the Ecumenical Temple.
  3227 | Temple   | Entered the Ecumenical Temple
  3426 | D:4      | Reached skill level 4 in Unarmed Combat
  4042 | D:4      | Found an ancient bone altar of Kikubaaqudgha.
  4044 | D:4      | Found a snail-covered altar of Cheibriados.
  4051 | D:4      | Became a worshipper of Cheibriados the Contemplative
  4076 | D:4      | Reached XP level 6. HP: 42/42 MP: 4/9
  4758 | D:5      | Entered Level 5 of the Dungeon
  5205 | D:5      | Noticed a black bear
  5213 | D:5      | Killed a black bear
  5214 | D:5      | Reached XP level 7. HP: 41/47 MP: 6/10
  6048 | D:6      | Reached skill level 5 in Unarmed Combat
  6048 | D:6      | Reached * piety under Cheibriados
  6251 | D:6      | Reached XP level 8. HP: 20/54 MP: 9/11
  6283 | D:6      | Slain by an ice beast

Illustrated notes

Levels and vault maps discovered:
D:1:      minmay_arrival_split_and_join, layout_basic, serial_aquarium,
          aquarium_bridge_long_joined [aquarium_subvault_bridge,
          aquarium_subvault_window, aquarium_subvault_window,
          aquarium_subvault_window, aquarium_subvault_bridge,
          aquarium_subvault_bridge], aquarium_window_fake, aquarium_window_fake,
          aquarium_window_1, aquarium_view_2a, serial_park_tiny_1
D:2:      minmay_alternating_diamond, layout_basic, roderic_lattice_a
D:3:      layout_rooms, mainiacjoe_overflow_concentric_impassable
D:4:      layout_layer_cave, mainiacjoe_overflow_catch_the_wave,
          minmay_temple_entry_tees, hex_medium, minmay_misc_feat_pillars
D:5:      layout_basic
D:6:      layout_basic, minmay_misc_feat_enclosed
Temple:   regret_index_temple_waves

Skill      XL: |  1  2  3  4  5  6  7 |
---------------+----------------------+-----
Stealth        | 1 2 |  2.0
Poison Magic   | 1 |  1.0
Fighting       | 2 3 4 |  4.5
Dodging        | 3 4 |  4.8
Unarmed Combat | 4 5 |  5.3
Transmutations | 3 4 |  4.3
Spellcasting   | |  2.0

Action                   |  1- 3 |  4- 6 |  7- 9 || total
-------------------------+-------+-------+-------++-------
Melee: Unarmed           |    66 |   113 |    72 ||   251
       Constrict         |    14 |    18 |     6 ||    38
       Kick              |    16 |    21 |     5 ||    42
       Tentacles         |    11 |    12 |     3 ||    26
       Punch             |     3 |     4 |     2 ||     9
 Cast: Beastly Appendage |    21 |    29 |     6 ||    56
       Wereblood         |       |     2 |       ||     2
       Spider Form       |       |     5 |     5 ||    10
  Use: Potion            |       |     2 |     3 ||     5
       Scroll            |       |     5 |       ||     5
 Stab: Sleeping          |     7 |     6 |       ||    13
Armor: Skin              |     9 |    33 |     2 ||    44
Dodge: Dodged            |    50 |    77 |    64 ||   191

Table legend: (Time is in decaauts)
 A = Elapsed time spent in this place.
 B = Non-inter-level travel time spent in this place.
 C = Inter-level travel time spent in this place.
 D = Time resting spent in this place.
 E = Time spent auto-exploring this place.
 F = Levels seen in this place.
 G = Mean time per level.
                   A        B        C        D        E       F      G
               +--------+--------+--------+--------+--------+-----+--------+
         Total |   6654 |   6461 |    193 |      0 |   5733 |   7 |  950.6 |
       Dungeon |   6507 |   6333 |    174 |      0 |   5618 |   6 | 1084.5 |
        Temple |    146 |    127 |     19 |      0 |    115 |   1 |  146.0 |
               +--------+--------+--------+--------+--------+-----+--------+

Top non-repeatable levels by time:
     D:4: 1665 daAuts
     D:1: 1285 daAuts
     D:2: 1261 daAuts
     D:5: 1243 daAuts
     D:3: 533 daAuts
     D:6: 518 daAuts
  Temple: 146 daAuts
